 Dungeon Crawl Stone Soup version 0.19-a0-1206-g6bcb79c (webtiles) character file.

76 Duffy the Skirmisher (level 4, 38/38 HPs)
             Began as a Demonspawn Monk on Aug 22, 2016.
             Quit the game on level 2 of the Dungeon.
             The game lasted 00:01:36 (1584 turns).

Duffy the Skirmisher (Demonspawn Monk)              Turns: 1584, Time: 00:01:37

Health: 38/38      AC:  8    Str: 12    XL:     4   Next: 12%
Magic:  4/4        EV: 12    Int: 11    God:
Gold:   100        SH:  0    Dex: 20    Spells: 0 memorised, 3 levels left

rFire  . . .     SeeInvis .     x - +0 war axe
rCold  . . .     Gourm    .     j - +0 ring mail
rNeg   . . .     Faith    .     (no shield)
rPois  .         Spirit   .     (helmet restricted)
rElec  .         Dismiss  .     (no cloak)
rCorr  .         Reflect  .     (no gloves)
MR     .....     Harm     .     (no boots)
Stlth  ++........               (no amulet)
                                y - +3 ring of protection
                                d - +4 ring of dexterity

@: no status effects
A: horns 2, talons 1
a: no special abilities


You were on level 2 of the Dungeon.
You were not hungry.

You visited 1 branch of the dungeon, and saw 2 of its levels.

You collected 100 gold pieces.

Inventory:

Hand Weapons
 a - a +0 hand axe
 x - a +0 war axe (weapon)
Missiles
 s - 5 curare-tipped needles
Armour
 b - a +0 robe
 j - a +0 ring mail (worn)
Jewellery
 d - a +4 ring of dexterity (left hand)
 y - a +3 ring of protection (right hand)
Scrolls
 i - 4 scrolls of identify {unknown}
 l - 2 scrolls of fog {unknown}
 m - a scroll of fear {unknown}
 n - a scroll of teleportation {unknown}
 q - a scroll of blinking {unknown}
 r - a scroll of immolation {unknown}
Potions
 e - 2 potions of haste {unknown}
 f - a potion of heal wounds
 g - a potion of flight {unknown}
 k - a potion of resistance {unknown}
 o - a potion of degeneration {unknown}
 t - a potion of curing {unknown}
 u - a potion of agility {unknown}
Comestibles
 c - a bread ration
 h - 2 meat rations
 p - a slice of pizza
 v - a beef jerky
 w - 2 chunks of flesh


   Skills:
 + Level 4.6 Fighting
 - Level 3.2 Axes
 - Level 2.6 Dodging
 - Level 1.7 Stealth


You had 3 spell levels left.
You didn't know any spells.

Dungeon Overview and Level Annotations

Branches:
Dungeon (2/15)

Altars:
Dithmenos
Gozag
Ru


Innate Abilities, Weirdness & Mutations

You have a pair of horns on your head.
You have sharp toenails.


Message History

Found a stone staircase leading down.
You see here a ring mail.
There is a stone staircase leading up here.
A bat comes into view.
There is a stone staircase leading down here.
The helpless bat fails to defend itself.
You slash the bat!
You kill the bat!
No target in view!
No target in view!
No target in view!
No target in view!
No target in view!
No target in view!
No target in view!
No target in view!
No target in view!
No target in view!
There is a stone staircase leading down here.
Are you sure you want to abandon this character and quit the game? (Confirm with "yes".)

#####.#.#.#...####.#######
#..###.......#.#
#...#.##..##.#.#
#####.........##.#.#
##########
........#####.##.#>#
#........# #####<..#
#.##.#.####.###.##.##
#[..# #<##%#......#
#.)...# ##..#
#.##.######.###.##..#
#..#####.##@# #.....##..#
#...........# ###.####...
###.###.##### ######.#
##.# #.# #.# #......# #.#
#.# #.# #.###### #.# #.#
#.# #.# #######.# #.# #.#
#.# #.......# #.###.# #.#
#.####### #.##..# #.#
#^###


There were no monsters in sight!

Vanquished Creatures
  Ijyb (D:2)
  2 adders (D:2)
  An ooze (D:1)
  A dart slug (D:1)
  2 giant geckos (D:1)
  7 bats
  3 goblins (D:1)
  2 hobgoblins (D:2)
  A quokka (D:2)
  3 kobolds (D:1)
  6 rats (D:1)
29 creatures vanquished.

Notes
Turn   | Place    | Note
-------+----------+-------------------------------------------
     0 | D:1      | Duffy the Demonspawn Monk began the quest for the Orb.
     0 | D:1      | Reached XP level 1. HP: 18/18 MP: 1/1
   247 | D:1      | Gained mutation: You have a pair of small horns on your head. [demonic ancestry]
   247 | D:1      | Reached XP level 2. HP: 17/24 MP: 2/2
  1004 | D:2      | Noticed Ijyb
  1023 | D:2      | Killed Ijyb
  1023 | D:2      | Reached skill level 4 in Fighting
  1023 | D:2      | Gained mutation: You have a pair of horns on your head. [demonic ancestry]
  1023 | D:2      | Reached XP level 3. HP: 27/30 MP: 3/3
  1388 | D:2      | Gained mutation: You have sharp toenails. [demonic ancestry]
  1388 | D:2      | Reached XP level 4. HP: 35/38 MP: 4/4
  1408 | D:2      | Found an opulent altar of Gozag.
  1412 | D:2      | Found a shadowy altar of Dithmenos.
  1419 | D:2      | Found a sacrificial altar of Ru.
  1584 | D:2      | Quit the game

Vault maps used:
D:1:      dpeg_arrival_rooms_with_view, st_stairs_4, nrook_mini_backslash,
          minmay_misc_feat_diagonals
D:2:      minmay_overflow_temple_star_quad, uniq_iyjb

Skill      XL: |  1  2 |
---------------+-------+-----
Axes           | 3 |  3.2
Fighting       | 4 |  4.6
Dodging        | |  2.6
Stealth        | |  1.7

Action                   |  1- 3 |  4- 6 || total
-------------------------+-------+-------++-------
Melee: Hand axe          |    89 |       ||    89
       Headbutt          |    14 |       ||    14
       War axe           |     4 |     2 ||     6
 Stab: Sleeping          |       |     1 ||     1
  Eat: Chunk             |     1 |     1 ||     2
Armor: Ring mail         |    34 |       ||    34
       Robe              |     5 |       ||     5
Dodge: Dodged            |    52 |       ||    52
